 Dungeon Crawl Stone Soup version 0.31-a0-202-g547052bce9 (webtiles) character file.

Game seed: 1545014291870156288

932 qw the Skirmisher (level 7, 0/39 (40) HPs)
             Began as a Deep Elf Hunter on June 26, 2023.
             Slain by a wight
             ... wielding a +3 hand axe
              (6 damage)
             ... on level 5 of the Dungeon.
             The game lasted 00:01:38 (3618 turns).

qw the Skirmisher (Deep Elf Hunter)                 Turns: 3618, Time: 00:01:39

HP:   0/39 (40)     AC:  7    Str: 10    XL:     7   Next: 86%
MP:   9/9           EV: 11    Int: 14    God:
Gold: 216           SH:  0    Dex: 18    Spells: 6/6 levels left

rFire   . . .        Y - +2 shortbow
rCold   . . .        (shield currently unavailable)
rNeg    . . .        i - +0 ring mail
rPois   .            h - +0 helmet
rElec   .            (no cloak)
rCorr   .            f - +0 pair of gloves
SInv    .            (no boots)
Will    .....        d - amulet of regeneration
Stlth   +            (no ring)
HPRegen 1.06/turn    (no ring)
MPRegen 0.11/turn

%: no passive effects
@: about to teleport, lightly drained
A: no striking features
a: no special abilities


You were on level 5 of the Dungeon.
You visited 1 branch of the dungeon, and saw 5 of its levels.

You collected 216 gold pieces.


   Skills:
 + Level 2.2 Fighting
 - Level 12.0 Ranged Weapons
 - Level 1.3 Armour
 - Level 3.2 Dodging
 - Level 1.2 Stealth


You had 6 spell levels left.
You didn't know any spells.
Your spell library was empty.

Inventory:

Hand Weapons
 Y - a +2 shortbow (weapon)
Armour
 f - a +0 pair of gloves (worn)
 h - a +0 helmet (worn)
 i - a +0 ring mail (worn)
Jewellery
 d - an amulet of regeneration (around neck)
 e - a +6 ring of strength
Scrolls
 n - a scroll of amnesia {unknown}
 o - a scroll of poison {unknown}
 p - a scroll of identify
Potions
 a - a potion of mutation {unknown}
 b - a potion of lignification {unknown}
 g - a potion of curing
 j - a potion of berserk rage {unknown}
 k - a potion of ambrosia {unknown}
 l - a potion of resistance {unknown}
 m - a potion of cancellation {unknown}

Dungeon Overview and Level Annotations

Branches:
Dungeon (5/15)
 Temple: D:4-7

Altars:
Hepliaklqana
Makhleb
Trog
Uskayaw
Wu Jian
Zin

Shops:
D:4 (

Annotations:
D:3 exclusion: iron imp
D:4 2 runed translucent doors, qw's ghost, amateur DEHu


Message History

The orc is moderately wounded.
The orc hits you with a +0 hand axe.
You shoot an arrow. The arrow barely misses the orc.
The orc hits you with a +0 hand axe.
You shoot an arrow. The arrow hits the orc.
You kill the orc!
You shoot an arrow. The arrow hits the orc.
The orc is severely wounded.
The orc hits you with a +0 mace.
You shoot an arrow. The arrow closely misses the orc.
The orc hits you with a +0 mace.
You shoot an arrow. The arrow hits the orc!
You kill the orc!
You shoot an arrow. The arrow hits the orc.
The orc is heavily wounded.
The orc barely misses you.
You shoot an arrow. The arrow closely misses the orc.
The orc closely misses you.
You shoot an arrow. The arrow hits the orc.
The orc is almost dead.
The orc hits you but does no damage.
You shoot an arrow. The arrow hits the orc!
You kill the orc!
You shoot an arrow. The arrow closely misses the orc.
The orc hits you with a +0 falchion.
You shoot an arrow. The arrow hits the orc!
You kill the orc!
You shoot an arrow.
The arrow hits the wight but does no damage.
The wight barely misses you.
You shoot an arrow. The arrow closely misses the wight.
The wight hits you with a +3 hand axe.
You feel drained.
You shoot an arrow. The arrow hits the wight.
The wight is lightly damaged.
The wight hits you with a +3 hand axe!
3618 ||| READING scroll of teleportation.
As you read the scroll of teleportation, it crumbles to dust.
You feel strangely unstable. The wight hits you with a +3 hand axe.
You die...

.. #.# #.#
. .. ..
#.# ...
#.. ....
#.. z.[..
#.##
####...#
#..###.@z#
#....)####
##..### #
##...## #
##.....#
##
#..#####
.# ##.##
.# ##.##
.# ##..#


You could see 2 wights.

Vanquished Creatures
  Sigmund (D:3)
  A yak (D:5)
  An ogre (D:5)
  A scorpion (D:4)
  3 wights (D:5)
  3 iron imps (D:3)
  3 orc wizards
  2 iguanas
  4 adders
  A white imp (D:3)
  An ufetubus (D:4)
  2 worms (D:4)
  A dart slug (D:1)
  22 orcs
  4 bats (D:1)
  4 endoplasms
  7 giant cockroaches
  2 goblins
  5 hobgoblins
  4 kobolds
  6 quokkas
  7 ball pythons
  4 frilled lizards
  3 rats
92 creatures vanquished.

Vanquished Creatures (others)
  A wizard (D:3)
1 creature vanquished.

Grand Total: 93 creatures vanquished

Notes
Turn   | Place    | Note
-------+----------+-------------------------------------------
     0 | D:1      | qw the Deep Elf Hunter began the quest for the Orb.
     0 | D:1      | Reached XP level 1. HP: 12/12 MP: 3/3
     0 | D:1      | 0 ||| qw: Version: 0.3-a-22-g0ed2b0b
     0 | D:1      | 0 ||| qw: Game counter: 5868
     0 | D:1      | 0 ||| qw: Melee chars always use a shield: true
     0 | D:1      | 0 ||| qw: God list: Okawaru
     0 | D:1      | 0 ||| qw: Allow faded altars: false
     0 | D:1      | 0 ||| qw: Do Orc after clearing Dungeon:15 true
     0 | D:1      | 0 ||| qw: Do second Lair branch before Depths: true
     0 | D:1      | 0 ||| qw: Lair rune preference: random
     0 | D:1      | 0 ||| qw: Goals: Normal
     0 | D:1      | 0 ||| PLANNING D:1-11
   311 | D:1      | Reached XP level 2. HP: 16/16 MP: 4/4
   314 | D:1      | Reached skill level 6 in Ranged Weapons
   736 | D:1      | Found a faded altar of an unknown god.
   825 | D:1      | 825 ||| UPGRADING to +0 scale mail.
   835 | D:1      | 835 ||| DROPPING +0 leather armour.
   836 | D:1      | 836 ||| UPGRADING to +0 pair of gloves.
   841 | D:1      | 841 ||| UPGRADING to +0 helmet.
   846 | D:1      | 846 ||| UPGRADING to amulet of regeneration.
   851 | D:1      | 851 ||| READING scroll labelled LIQ RULO RAEDGH.
   852 | D:1      | 852 ||| DROPPING scroll of butterflies.
   964 | D:2      | Reached XP level 3. HP: 14/20 MP: 5/5
  1400 | D:2      | Reached skill level 7 in Ranged Weapons
  1471 | D:2      | 1471 ||| UPGRADING to +0 ring mail.
  1481 | D:2      | 1481 ||| DROPPING +0 scale mail.
  1482 | D:2      | 1482 ||| READING scroll labelled LOHOYKLISEO.
  1483 | D:2      | 1483 ||| READING 2 scrolls labelled WIHAFE DUCI.
  1484 | D:2      | 1484 ||| READING scroll of enchant weapon.
  1484 | D:2      | 1484 ||| ENCHANTING +1 shortbow.
  1485 | D:2      | 1485 ||| READING 2 scrolls labelled SOMOUTS XOIKHLECW.
  1488 | D:2      | 1488 ||| READING 2 scrolls labelled QOCUUD BUHIN.
  1489 | D:2      | 1489 ||| READING scroll labelled WAISIN FAKK.
  1590 | D:2      | 1590 ||| DROPPING scroll of fog.
  1669 | D:3      | Noticed Sigmund
  1673 | D:3      | Killed Sigmund
  1674 | D:3      | Reached skill level 9 in Ranged Weapons
  1674 | D:3      | Reached XP level 4. HP: 25/25 MP: 6/6
  1674 | D:3      | Reached XP level 5. HP: 29/29 MP: 7/7
  1875 | D:3      | Found a bloodstained altar of Trog.
  1878 | D:3      | Noticed a wizard
  1884 | D:3      | Killed a wizard
  2061 | D:3      | Found a burning altar of Makhleb.
  2073 | D:3      | Reached XP level 6. HP: 35/35 MP: 8/8
  2076 | D:3      | 2076 ||| DROPPING scarf of shadows.
  2102 | D:3      | Reached skill level 1 in Armour
  2173 | D:3      | Found a glowing silver altar of Zin.
  2328 | D:3      | 2328 ||| READING scroll labelled FUNIDO YPPYM.
  2329 | D:3      | 2329 ||| READING scroll labelled PAFERPHANUXY.
  2426 | D:4      | Found a hide-covered altar of Uskayaw.
  2504 | D:4      | Found Karhyc's Antique Weapon Shoppe.
  2518 | D:4      | 2518 ||| SHOPLISTING polished orcbow (263 gold, have 182).
  2540 | D:4      | Found a large runed translucent door.
  2540 | D:4      | Found a large runed translucent door.
  2541 | D:4      | Noticed qw's ghost (amateur DEHu)
  2759 | D:4      | Found a hazy altar of Hepliaklqana.
  2894 | D:4      | 2894 ||| READING scroll labelled CAM TUWENUVADD.
  2895 | D:4      | 2895 ||| DRINKING 2 red potions.
  2920 | D:5      | Entered Level 5 of the Dungeon
  2927 | D:5      | 2927 ||| STAIRDANCE
  2932 | D:4      | Reached skill level 10 in Ranged Weapons
  3075 | D:5      | Found an ornate altar of the Wu Jian Council.
  3168 | D:5      | Reached skill level 3 in Dodging
  3258 | D:5      | Noticed a yak
  3259 | D:5      | Noticed a yak
  3264 | D:5      | Noticed a yak
  3264 | D:5      | Noticed a yak
  3266 | D:5      | Noticed a yak
  3266 | D:5      | Noticed a yak
  3267 | D:5      | Killed a yak
  3267 | D:5      | HP: 5/35 [yak (12)]
  3268 | D:5      | Reached XP level 7. HP: 6/40 MP: 9/9
  3268 | D:5      | 3268 ||| READING 2 scrolls of teleportation.
  3269 | D:5      | 3269 ||| DRINKING potion of heal wounds.
  3388 | D:5      | Reached skill level 11 in Ranged Weapons
  3460 | D:5      | 3460 ||| Stepping ~*~*~tactically~*~*~ (outnumbered).
  3595 | D:5      | Reached skill level 12 in Ranged Weapons
  3617 | D:5      | HP: 5/39 [wight/+3 hand axe (12)]
  3618 | D:5      | 3618 ||| READING scroll of teleportation.
  3618 | D:5      | Slain by a wight

Levels and vault maps discovered:
D:1:      elethiomel_arrival_shortcut, layout_loops_corners,
          basic_ecumenical_altar, st_stairs_1
D:2:      layout_basic
D:3:      layout_basic, demons_altar, mainiacjoe_overflow_small_starburst,
          trog_wizard, uniq_sigmund
D:4:      layout_rooms, nicolae_uskayaw_dance_hall, kennysheep_little_box,
          ebering_ghost_disaster_area, minmay_shop_grid_forest
D:5:      layout_cave_pods, nzn_wu_jian_council_hall

Skill      XL: |  1  2  3  4  5  6  7 |
---------------+----------------------+-----
Ranged Weapons | 6 9 10 12 | 12.0
Fighting       | 2 |  2.2
Armour         | 1 |  1.3
Dodging        | 3 |  3.2
Stealth        | |  1.2

Action                     |  1- 3 |  4- 6 |  7- 9 || total
---------------------------+-------+-------+-------++-------
   Fire: Shortbow          |   104 |   172 |    86 ||   362
    Use: Scroll            |     7 |     3 |     2 ||    12
         Potion            |       |     1 |     1 ||     2
 Armour: Leather armour    |     7 |       |       ||     7
         Scale mail        |    17 |       |       ||    17
         Ring mail         |     1 |    32 |     9 ||    42
  Dodge: Dodged            |    24 |    40 |    14 ||    78

Table legend:
 A = Non-vault XP
 B = Vault XP
 C = Vault XP percentage of total XP
 D = Non-vault monster count
 E = Vault monster count
 F = Vault count percentage of total count
                 A         B        C        D         E       F
            +---------+---------+-------+---------+---------+-------
      Total |     997 |     335 |  25.2 |      86 |       6 |   6.5
            +---------+---------+-------+---------+---------+-------
        D:1 |      31 |       4 |  11.4 |      17 |       2 |  10.5
        D:2 |      29 |       0 |   0.0 |      11 |       0 |   0.0
        D:3 |      25 |     331 |  93.0 |      11 |       4 |  26.7
        D:4 |     206 |       0 |   0.0 |      17 |       0 |   0.0
        D:5 |     706 |       0 |   0.0 |      30 |       0 |   0.0
            +---------+---------+-------+---------+---------+-------
